 Dungeon Crawl Stone Soup version 0.29-a0-664-gff9cad4a3d (webtiles) character file.

Game seed: 9510501010660449325

2263 RancidPinata the Covert (level 9, -1/63 HPs)
             Began as an Octopode Delver on June 22, 2022.
             Slain by a bullfrog (7 damage)
             ... on level 8 of the Dungeon.
             The game lasted 00:30:35 (10959 turns).

RancidPinata the Covert (Octopode Delver)          Turns: 10959, Time: 00:30:36

Health: -1/63      AC:  1    Str: 14    XL:     9   Next: 38%
Magic:  13/13      EV: 15    Int: 12    God:
Gold:   445        SH:  6    Dex: 21    Spells: 12/14 levels left

rFire   . . .      SeeInvis .   w - +0 short sword (venom)
rCold   . . .      Faith    .   d - +0 buckler
rNeg    . . .      Spirit   .   (helmet restricted)
rPois   .          Reflect  .   (no amulet)
rElec   .          Harm     .   n - +6 ring of dexterity
rCorr   .          Rampage  .   s - ring of flight
Will    .....                   (no ring)
Stlth   ++++++....              (no ring)
HPRegen 0.20/turn               (no ring)
MPRegen 0.13/turn               (no ring)
                                (no ring)
                                (no ring)

@: flying, studying Air Magic
A: almost no armour, amphibious, 8 rings, camouflage 1, gelatinous body 1,
(nimble swimmer 1), tentacles
a: no special abilities


You were on level 8 of the Dungeon.
You visited 2 branches of the dungeon, and saw 10 of its levels.

You collected 445 gold pieces.

Inventory:

Hand Weapons
 a - a +0 spear
 k - a +3 dagger
 w - a +0 short sword of venom (weapon)
 K - the +6 mace of Ythrawugo {antimagic, rElec rC+ Dex-3 Stlth+}
   (You found it on level 7 of the Dungeon)

   It reduces the magical energy of the wielder, and disrupts the spells and
   magical abilities of those it strikes.
   Natural abilities and divine invocations are not affected.
   Dex:       It affects your dexterity (-3).
   rC:        It protects you from cold.
   rElec:     It insulates you from electricity.
   Stlth:     It makes you more stealthy.
Missiles
 u - 55 stones (quivered)
 x - 2 boomerangs
 F - 8 poisoned darts
Armour
 d - a +0 buckler (worn)
Jewellery
 n - a +6 ring of dexterity (left tentacle)
 s - a ring of flight (right tentacle)
 J - an amulet of regeneration
Wands
 f - a wand of digging (3)
 l - a wand of iceblast (8)
 B - a wand of mindburst (12)
 G - a wand of acid (13)
Scrolls
 b - 2 scrolls of fog
 c - 4 scrolls of magic mapping
 i - 6 scrolls of identify {unknown}
 j - a scroll of blinking {unknown}
 m - 5 scrolls of teleportation {unknown}
 q - 2 scrolls of immolation {unknown}
 y - a scroll of enchant weapon {unknown}
 C - 3 scrolls of noise {unknown}
 H - 2 scrolls of enchant armour {unknown}
 L - a scroll of fear
 M - a scroll of summoning {unknown}
 N - a scroll of silence {unknown}
 O - a scroll of torment {unknown}
Potions
 e - 2 potions of haste
 g - a potion of invisibility {unknown}
 h - 4 potions of cancellation {unknown}
 o - a potion of resistance {unknown}
 p - 3 potions of ambrosia
 r - 3 potions of flight
 t - 6 potions of degeneration {unknown}
 v - 4 potions of curing {unknown}
 z - 2 potions of brilliance {unknown}
 A - 4 potions of heal wounds {unknown}
 D - 2 potions of attraction {unknown}
 E - 2 potions of magic {unknown}
 I - a potion of berserk rage {unknown}
 P - a potion of lignification {unknown}


   Skills:
 * Level 6.4 Fighting
 * Level 5.6 Short Blades
 - Level 2.0 Polearms
 + Level 4.4 Dodging
 * Level 10.5 Stealth
 - Level 4.0 Shields
 + Level 3.1 Spellcasting


You had 12 spell levels left.
You knew the following spells:

 Your Spells              Type           Power      Damage    Failure   Level
a - Blink                 Tloc           2%         N/A       43%         2

Your spell library contained the following spells:

 Spells                   Type           Power      Damage    Failure   Level
 Sublimation of Blood     Necr           1%         N/A       43%         2
 Wereblood                Tmut           1%         N/A       43%         2
 Conjure Flame            Conj/Fire      1%         6-21      67%         3
 Ignite Poison            Fire/Tmut/Pois 1%         N/A       67%         3
 Lesser Beckoning         Tloc           1%         N/A       67%         3
 Sticky Flame             Conj/Fire      1%         2d3       97%         4
 Manifold Assault         Tloc           1%         N/A       100%        5
 Summon Hydra             Summ           0%         N/A       100%        7


Dungeon Overview and Level Annotations

Branches:
Dungeon (9/15)             Temple (1/1) D:7
   Lair: D:8-11         Orc: D:9-12

Altars:
Ashenzari
Cheibriados
Dithmenos
Elyvilon
Fedhas
Gozag
Hepliaklqana
Kikubaaqudgha
Makhleb
Nemelex Xobeh
Okawaru
Qazlal
Ru
Sif Muna
Trog
Uskayaw
Wu Jian
Xom
Yredelemnul
Zin
The Shining One

Shops:
D:7 !


Innate Abilities, Weirdness & Mutations

You cannot wear most types of armour.
You are amphibious.
You can wear up to eight rings at the same time.
Your skin changes colour to match your surroundings (Stealth+).
Your rubbery body absorbs attacks. (AC +1, EV +1)
((You are camouflaged when in or above water. (Stealth+)))
You have tentacles for arms and can constrict up to eight enemies at once.


Message History

The bullfrog attacks as you move away! The bullfrog hits you!
The bullfrog completely misses you. The bullfrog attacks as you move away!
The bullfrog misses you. You block the bullfrog's attack.
The bullfrog misses you. The bullfrog attacks as you move away!
The bullfrog barely misses you.
There is a sparkling altar of Nemelex Xobeh here.
The bullfrog attacks as you move away! The bullfrog closely misses you.
The bullfrog hits you. The bullfrog hits you!
The bullfrog attacks as you move away! The bullfrog completely misses you.
The bullfrog attacks as you move away! You block the bullfrog's attack.
The bullfrog barely misses you.
You hit the bullfrog.
The bullfrog is poisoned.
Your grab misses the bullfrog.
The bullfrog is lightly wounded.
The bullfrog hits you!
You closely miss the bullfrog. You grab the bullfrog.
You constrict the bullfrog.
The bullfrog swells and bulges.
The bullfrog closely misses you.
You hit the bullfrog.
The bullfrog looks even sicker.
The bullfrog is heavily wounded.
You constrict the bullfrog. You block the bullfrog's attack.
The bullfrog hits you!
* * * LOW HITPOINT WARNING * * *
You hit the bullfrog.
The bullfrog looks as sick as possible!
The bullfrog is almost dead.
You constrict the bullfrog. The bullfrog hits you.
* * * LOW HITPOINT WARNING * * *
You release your grip on the bullfrog.
You kill the bullfrog!
You hit the bullfrog.
The bullfrog is poisoned.
Your grab misses the bullfrog. You squeeze the bullfrog.
The bullfrog is heavily wounded.
The bullfrog hits you.
* * * LOW HITPOINT WARNING * * *
You hit the bullfrog.
The bullfrog looks even sicker.
Your grab misses the bullfrog.
The bullfrog is heavily wounded.
The bullfrog hits you!
You die...

############ #
...........# #
##########.# *,* *,* *,*
##### *,* ##...#
#.########⌠.⌠.##########
#......@FY._............
##########⌠.⌠.##########
##...# #####


You could see a yak and a bullfrog (very poisoned).

Vanquished Creatures
  A yak (D:7)
  A sky beast (D:7)
  3 ice beasts (D:7)
  A black bear (D:5)
  An ogre (D:5)
  An orc warrior (D:7)
  2 centaurs
  A phantom (D:5)
  Blork the orc (D:6)
  2 bullfrogs
  2 necrophages
  A scorpion (D:6)
  3 wights (D:6)
  3 killer bees (D:7)
  A howler monkey (D:5)
  2 hounds
  A gnoll shaman (D:7)
  2 orc priests
  3 jellies (D:6)
  Crazy Yiuf (D:4)
  An iguana (D:7)
  3 gnolls
  8 adders
  A river rat (D:6)
  A shadow imp (D:7)
  A white imp (D:7)
  3 ufetubi
  4 worms
  2 dart slugs
  15 orcs
  13 ball pythons
  6 bats
  6 endoplasms
  5 giant cockroaches
  8 goblins
  5 hobgoblins
  2 jackals (D:1)
  8 kobolds
  7 quokkas
  8 frilled lizards
  5 rats
145 creatures vanquished.

Vanquished Creatures (others)
  A plant (D:7)
1 creature vanquished.

Grand Total: 146 creatures vanquished

Notes
Turn   | Place    | Note
-------+----------+-------------------------------------------
     0 | D:5      | RancidPinata the Octopode Delver began the quest for the
                  | Orb.
     0 | D:5      | Reached XP level 1. HP: 16/16 MP: 1/1
    31 | D:6      | Noticed a bullfrog
    43 | D:6      | Noticed a jelly
    98 | D:6      | Noticed Blork the orc
   168 | D:6      | Noticed a phantom
   540 | D:3      | Reached XP level 2. HP: 15/21 MP: 2/2
   663 | D:3      | Reached skill level 1 in Short Blades
   714 | D:3      | Reached skill level 7 in Stealth
   714 | D:3      | Reached XP level 3. HP: 26/26 MP: 3/3
  1575 | D:1      | Reached XP level 4. HP: 31/31 MP: 4/4
  1835 | D:1      | Learned a level 2 spell: Blink
  3070 | D:3      | Reached XP level 5. HP: 37/37 MP: 5/5
  3344 | D:3      | Found a faded altar of an unknown god.
  3541 | D:4      | Reached skill level 1 in Spellcasting
  3734 | D:4      | Found a blossoming altar of Fedhas.
  3749 | D:4      | Found a white marble altar of Elyvilon.
  3752 | D:4      | Found a shimmering blue altar of Sif Muna.
  3755 | D:4      | Found a broken altar of Ashenzari.
  3829 | D:4      | Reached XP level 6. HP: 39/43 MP: 7/7
  4367 | D:4      | Found a runed translucent door.
  4368 | D:4      | Noticed Crazy Yiuf
  4551 | D:4      | Killed Crazy Yiuf
  4717 | D:5      | Noticed a black bear
  4721 | D:5      | Reached skill level 8 in Stealth
  4962 | D:5      | Found a snail-covered altar of Cheibriados.
  5333 | D:5      | Reached XP level 7. HP: 49/49 MP: 9/9
  5651 | D:5      | Identified the +7 plate armour "Gorohuur" {rN+ Will+ Str+3}
  5718 | D:5      | Reached skill level 1 in Shields
  5843 | D:6      | Reached skill level 5 in Fighting
  5897 | D:6      | Killed Blork the orc
  5898 | D:6      | Reached skill level 9 in Stealth
  5898 | D:6      | Reached XP level 8. HP: 55/55 MP: 9/11
  6156 | D:6      | Identified the +3 leather armour of Cowardice {Dex+3}
  7241 | D:7      | Identified the +6 mace of Ythrawugo {antimagic, rElec rC+
                  | Dex-3 Stlth+}
  7397 | D:7      | Reached skill level 5 in Short Blades
  7515 | D:7      | Reached skill level 10 in Stealth
  7515 | D:7      | Reached XP level 9. HP: 52/62 MP: 13/13
  7637 | D:7      | Found a staircase to the Ecumenical Temple.
  7649 | Temple   | Entered the Ecumenical Temple
  8242 | D:7      | Found a shimmering altar of Xom.
  8289 | D:7      | Found Tenkagaf's Distillery.
 10942 | D:8      | Found a sparkling altar of Nemelex Xobeh.
 10959 | D:8      | Slain by a bullfrog

Illustrated notes

Levels and vault maps discovered:
D:1:      dpeg_arrival_refuge, layout_basic
D:2:      layout_loops_corners
D:3:      minmay_razor_zed, layout_basic, shapermc_ecumenical_altar_mp_vishouse,
          dk_noncrumbling_4, dk_vineyard_1, serial_bayou_pond_d
D:4:      layout_layer_cave, grunt_temple_overflow_cloverleaf,
          uniq_crazy_yiuf_cottage
D:5:      layout_rooms, mainiacjoe_overflow_surrounded_room
D:6:      layout_loops_cross, gup_sewer_entry_spiral, uniq_blork_the_orc
D:7:      layout_cave_pods, mainiacjoe_overflow_24_doors,
          minmay_temple_entry_overgrown, serial_column_ruins,
          column_ruins_open_small, column_ruins_grid_1, column_ruins_grid_1,
          serial_shops, nicolae_shop_trees
D:8:      layout_basic, nemelex_xobeh_ov_fountains_minmay, enter_bailey_2,
          minmay_checkerbox
D:9:      wad_guarded_room, layout_long_grid
Temple:   eino_temple_water

Skill      XL: |  1  2  3  4  5  6  7  8  9 |
---------------+----------------------------+-----
Short Blades   | 1 2 3 4 5 |  5.6
Stealth        | 7 8 9 10 | 10.5
Fighting       | 4 5 6 |  6.4
Spellcasting   | 1 2 3 |  3.1
Dodging        | 3 4 |  4.4
Shields        | 1 3 4 |  4.0
Polearms       | |  2.0

Action                   |  1- 3 |  4- 6 |  7- 9 || total
-------------------------+-------+-------+-------++-------
Melee: Spear             |     5 |       |       ||     5
       Dagger            |    37 |       |       ||    37
       Constrict         |    10 |    23 |    32 ||    65
       Tentacles         |     5 |    18 |    38 ||    61
       Short sword       |     1 |   112 |   161 ||   274
       Punch             |       |     1 |     1 ||     2
Throw: Stone             |       |     1 |       ||     1
  Use: Potion            |     1 |       |     3 ||     4
       Scroll            |       |       |     2 ||     2
 Stab: Sleeping          |    16 |    27 |    16 ||    59
       Distracted        |       |       |     1 ||     1
Armor: Skin              |     1 |     2 |     8 ||    11
Dodge: Dodged            |    12 |    44 |    92 ||   148
Block: Buckler           |       |       |    34 ||    34

Table legend: (Time is in decaauts)
 A = Elapsed time spent in this place.
 B = Non-inter-level travel time spent in this place.
 C = Inter-level travel time spent in this place.
 D = Time resting spent in this place.
 E = Time spent auto-exploring this place.
 F = Levels seen in this place.
 G = Mean time per level.
                   A        B        C        D        E       F      G
               +--------+--------+--------+--------+--------+-----+--------+
         Total |  10913 |  10395 |    518 |   3245 |   4207 |  10 | 1091.3 |
       Dungeon |  10346 |   9828 |    518 |   3245 |   3795 |   9 | 1149.6 |
        Temple |    566 |    566 |      0 |      0 |    412 |   1 |  566.0 |
               +--------+--------+--------+--------+--------+-----+--------+

Top non-repeatable levels by time:
     D:7: 2414 daAuts
     D:4: 1981 daAuts
     D:6: 1743 daAuts
     D:2: 1081 daAuts
     D:3: 932 daAuts
     D:1: 884 daAuts
     D:5: 860 daAuts
  Temple: 566 daAuts
     D:8: 305 daAuts
     D:9: 142 daAuts
